 Dungeon Crawl Stone Soup version 0.27-a0-1118-ga84896973d (webtiles) character file.

Game seed: 221441871343538902

839 Bapho the Magician (level 8, -8/57 HPs)
             Began as a Gnoll Hedge Wizard on May 2, 2021.
             Was a Follower of Zin.
             Mangled by an orc warrior
             ... wielding a +0 halberd
              (24 damage)
             ... on level 5 of the Dungeon.
             The game lasted 00:09:58 (4601 turns).

Bapho the Magician (Gnoll Hedge Wizard)             Turns: 4601, Time: 00:09:59

Health: -8/57      AC:  3    Str: 10    XL:     8   Next: 0%
Magic:  8/19       EV: 14    Int: 14    God:    Zin [*.....]
Gold:   109        SH:  0    Dex: 13    Spells: 11/22 levels left

rFire    . . .     SeeInvis .   m - +0 war axe
rCold    . . .     Faith    .   (no shield)
rNeg     . . .     Spirit   .   b - +0 robe
rPois    .         Reflect  .   c - +0 hat
rElec    .         Harm     .   (no cloak)
rCorr    .         Rampage  .   B - +0 pair of gloves
Will     .....                  (no boots)
Stlth    +++.......             e - amulet of regeneration
HPRegen  1.19/turn              (no ring)
MPRegen  0.16/turn              (no ring)

@: no status effects
A: fangs 1, strong nose, distributed training
a: Renounce Religion, Recite, Donate Gold


You were on level 5 of the Dungeon.
You worshipped Zin.
Zin was aware of your devotion.
You visited 1 branch of the dungeon, and saw 5 of its levels.

You collected 228 gold pieces.
You donated 119 gold pieces to Zin.

Inventory:

Hand Weapons
 a - a +0 dagger
 i - a +0 short sword
 m - a +0 war axe (weapon)
 v - a +0 morningstar
 x - a +2 flail of pain
Missiles
 d - 176 stones
Armour
 b - a +0 robe (worn)
 c - a +0 hat (worn)
 h - a +0 leather armour
 B - a +0 pair of gloves (worn)
Jewellery
 e - an amulet of regeneration (around neck)
 s - a ring of wizardry
Wands
 p - a wand of iceblast (7)
 r - a wand of flame (16)
 A - a wand of paralysis (8)
Scrolls
 f - a scroll of vulnerability {unknown}
 g - 2 scrolls of amnesia {unknown}
 j - a scroll of immolation {unknown}
 k - a scroll of teleportation {unknown}
 l - 3 scrolls of enchant armour {unknown}
 n - a scroll of silence {unknown}
 q - 3 scrolls of blinking {unknown}
 y - 2 scrolls of identify {unknown}
 C - a scroll of magic mapping {unknown}
Potions
 o - a potion of heal wounds {unknown}
 t - 2 potions of flight {unknown}
 u - a potion of ambrosia {unknown}
 w - a potion of curing
 z - a potion of resistance {unknown}


   Skills:
 + Level 2.8 Fighting
 + Level 2.8 Short Blades
 + Level 2.8 Long Blades
 + Level 2.8 Axes
 + Level 2.8 Maces & Flails
 + Level 2.8 Polearms
 + Level 2.8 Staves
 + Level 2.8 Slings
 + Level 2.8 Bows
 + Level 2.8 Crossbows
 + Level 2.8 Throwing
 + Level 2.8 Armour
 + Level 5.4 Dodging
 + Level 5.1 Stealth
 + Level 2.8 Shields
 + Level 2.8 Unarmed Combat
 + Level 7.7 Spellcasting
 + Level 3.2 Conjurations
 + Level 2.3 Hexes
 + Level 3.2 Summonings
 + Level 2.3 Necromancy
 + Level 3.2 Translocations
 + Level 2.3 Transmutations
 + Level 2.3 Fire Magic
 + Level 2.3 Ice Magic
 + Level 2.3 Air Magic
 + Level 2.3 Earth Magic
 + Level 2.3 Poison Magic
 + Level 3.1 Invocations
 + Level 2.8 Evocations


You had 11 spell levels left.
You knew the following spells:

 Your Spells              Type           Power      Damage    Failure   Level
a - Magic Dart            Conj           56%        1d5       3%          1
b - Blink                 Tloc           N/A        N/A       5%          2
c - Call Imp              Summ           14%        N/A       5%          2
d - Mephitic Cloud        Conj/Pois/Air  12%        N/A       14%         3
e - Conjure Flame         Conj/Fire      13%        6-21      13%         3

Your spell library contained the following spells:

 Spells                   Type           Power      Damage    Failure   Level
 Sandblast                Erth           22%        2d7       4%          1
 Shock                    Conj/Air       52%        1d6       4%          1
 Static Discharge         Conj/Air       13%        N/A       6%          2
 Passwall                 Tmut/Erth      9%         N/A       8%          2
 Slow                     Hex            11%        N/A       8%          2
 Stone Arrow              Conj/Erth      26%        3d8       13%         3
 Swiftness                Air            11%        N/A       16%         3
 Airstrike                Air            5%         N/A       45%         4
 Petrify                  Tmut/Erth      11%        N/A       45%         4
 Lightning Bolt           Conj/Air       6%         1d18      75%         5
 Lee's Rapid Deconstruct  Erth           5%         3d7*      80%         5


Dungeon Overview and Level Annotations

Branches:
Dungeon (5/15)
 Temple: D:4-7

Altars:
Gozag
Nemelex Xobeh
Vehumet
Zin

Shops:
D:3 :

Annotations:
D:5 2 transporters


Innate Abilities, Weirdness & Mutations

You have very sharp teeth.
Your uncanny sense of smell can sniff out nearby items.
Your experience applies equally to all skills.


Message History

You hit the orc warrior.
The orc warrior is severely wounded.
You barely miss the orc. The orc warrior misses you.
The orc hits you with a +0 hand axe.
Casting: Magic Dart (safe; 3% risk of failure)
Confirm with . or Enter, or press ? or * to list all spells.
Aiming: Magic Dart (safe; 3% risk of failure)
Press: ? - help, Shift-Dir - straight line, f/p - orc warrior
Aim: an orc warrior, wielding a +0 halberd and wearing a +0 chain mail (severely wounded, confused, 100% to hit)
The magic dart hits the orc warrior.
The orc warrior is severely wounded.
The orc barely misses you.
You hit the orc warrior.
You bite the orc warrior, but do no damage.
The orc warrior is severely wounded.
You hit the orc but do no damage. The orc hits you with a +0 hand axe.
The orc warrior hits you with a +0 halberd!
The orc hits you with a +0 hand axe.
You hit the orc warrior.
The orc warrior is almost dead.
You hit the orc. The orc hits you with a +0 hand axe.
You hit the orc warrior but do no damage.
Your punch misses the orc warrior. Your bite misses the orc warrior.
The orc warrior is almost dead.
You hit the orc but do no damage. The orc hits you with a +0 hand axe!
* * * LOW HITPOINT WARNING * * *
The orc warrior hits you with a +0 halberd!!
Zin protects you from harm! The orc hits you with a +0 hand axe.
* * * LOW HITPOINT WARNING * * *
You hit the orc warrior but do no damage.
The orc warrior is almost dead.
You completely miss the orc.
The orc warrior seems less confused.
The orc warrior barely misses you. The orc closely misses you.
You hit the orc warrior but do no damage.
The orc warrior is almost dead.
You hit the orc but do no damage. The orc warrior barely misses you.
The orc closely misses you.
The orc warrior hits you with a +0 halberd!!
You die...

.###.....####............# #.
. #.....#####)..........# #. .
#.........'...........# #. .
###########...........#######.
#...................
#............#######
#............#
####.o..........#
#....o@.........#
#.....#'#######.# ∆
#####.....#.# #.#
#######.........#.# #.#
................#.#######.
######..........'.........
;;#P8#..........#.########
..#..#...#.#....#........#
..+/©#©..#.#############.#


You could see an orc warrior and an orc.

Vanquished Creatures
  An ogre (D:4)
  2 centaurs (D:5)
  2 hounds
  2 centaur skeletons
  Ijyb (D:4)
  An iguana (D:4)
  An orc wizard (D:4)
  3 gnolls (D:3)
  3 adders
  A white imp (D:5)
  5 dart slugs
  7 orcs
  2 ball pythons
  2 bats
  10 endoplasms
  A giant cockroach (D:1)
  9 goblins
  7 hobgoblins
  3 jackals (D:1)
  4 quokkas
  3 frilled lizards
  7 kobolds
  6 rats
83 creatures vanquished.

Vanquished Creatures (collateral kills)
  Sigmund (D:4)
  Edmund (D:4)
  A hound (D:4)
3 creatures vanquished.

Grand Total: 86 creatures vanquished

Notes
Turn   | Place    | Note
-------+----------+-------------------------------------------
     0 | D:1      | Bapho the Gnoll Hedge Wizard began the quest for the Orb.
     0 | D:1      | Reached XP level 1. HP: 13/13 MP: 8/8
   165 | D:1      | Reached XP level 2. HP: 19/19 MP: 7/10
   203 | D:1      | Learned a level 2 spell: Blink
   206 | D:1      | Learned a level 2 spell: Call Imp
   264 | D:1      | Found a faded altar of an unknown god.
   558 | D:1      | Reached XP level 3. HP: 25/25 MP: 6/11
   648 | D:1      | Learned a level 3 spell: Mephitic Cloud
   652 | D:1      | Learned a level 3 spell: Conjure Flame
   985 | D:1      | Reached skill level 1 in Invocations
  1257 | D:2      | Reached skill level 1 in Fighting
  1257 | D:2      | Reached skill level 1 in Short Blades
  1257 | D:2      | Reached skill level 1 in Long Blades
  1257 | D:2      | Reached skill level 1 in Axes
  1257 | D:2      | Reached skill level 1 in Maces & Flails
  1257 | D:2      | Reached skill level 1 in Polearms
  1257 | D:2      | Reached skill level 1 in Staves
  1257 | D:2      | Reached skill level 1 in Slings
  1257 | D:2      | Reached skill level 1 in Bows
  1257 | D:2      | Reached skill level 1 in Crossbows
  1257 | D:2      | Reached skill level 1 in Throwing
  1257 | D:2      | Reached skill level 1 in Armour
  1257 | D:2      | Reached skill level 1 in Shields
  1257 | D:2      | Reached skill level 1 in Unarmed Combat
  1257 | D:2      | Reached skill level 1 in Evocations
  1257 | D:2      | Reached XP level 4. HP: 15/32 MP: 3/13
  1579 | D:2      | Reached skill level 1 in Hexes
  1579 | D:2      | Reached skill level 1 in Necromancy
  1579 | D:2      | Reached skill level 1 in Transmutations
  1579 | D:2      | Reached skill level 1 in Fire Magic
  1579 | D:2      | Reached skill level 1 in Ice Magic
  1579 | D:2      | Reached skill level 1 in Air Magic
  1579 | D:2      | Reached skill level 1 in Earth Magic
  1579 | D:2      | Reached skill level 1 in Poison Magic
  2224 | D:3      | Reached XP level 5. HP: 35/37 MP: 4/14
  2241 | D:3      | Found a sparkling altar of Nemelex Xobeh.
  2358 | D:3      | Found a radiant altar of Vehumet.
  2549 | D:3      | Found Daokarru's Book Emporium.
  2900 | D:4      | Noticed Edmund
  2998 | D:4      | Killed Edmund
  2999 | D:4      | Reached XP level 6. HP: 26/44 MP: 6/16
  3130 | D:4      | Reached skill level 5 in Dodging
  3221 | D:4      | Noticed Ijyb
  3244 | D:4      | Killed Ijyb
  3410 | D:4      | Found an opulent altar of Gozag.
  3469 | D:4      | HP: 1/44 [iguana (7)]
  3473 | D:4      | Reached XP level 7. HP: 5/50 MP: 9/18
  3626 | D:4      | Noticed Sigmund
  3640 | D:4      | Killed Sigmund
  4168 | D:5      | Entered Level 5 of the Dungeon
  4168 | D:5      | Found a glowing silver altar of Zin.
  4179 | D:5      | Reached skill level 5 in Stealth
  4180 | D:5      | Became a worshipper of Zin the Law-Giver
  4180 | D:5      | Reached * piety under Zin
  4201 | D:5      | Donated 97 gold pieces to Zin
  4417 | D:5      | Found a transporter.
  4527 | D:5      | Found a transporter.
  4594 | D:5      | Reached XP level 8. HP: 44/57 MP: 7/19
  4599 | D:5      | Zin protects you from harm!
  4601 | D:5      | Mangled by an orc warrior

Illustrated notes

Levels and vault maps discovered:
D:1:      onia_arrival_pyramid, layout_basic, serial_glass, glass_columns_a,
          glass_columns_a, hellmonk_ecumenical_altar_prayer_group
D:2:      minmay_recursive_quarters, layout_basic
D:3:      layout_rooms, chequers_temple_overflow_statue_of_worship,
          serial_shops, nicolae_shop_stone, minmay_misc_feat_encased
D:4:      layout_layer_cave, marbit_many_paths, minmay_misc_feat_more_columns,
          uniq_edmund, uniq_sigmund, uniq_ijyb
D:5:      gammafunk_steamed_eel, layout_basic, overflow_temple_1_default,
          overflow_temple_1_default, serial_shops, shop,
          minmay_misc_feat_nine_boxes, uniq_duvessa

Skill      XL: |  1  2  3  4  5  6  7 |
---------------+----------------------+-----
Conjurations   | 2 3 |  3.2
Summonings     | 2 3 |  3.2
Translocations | 2 3 |  3.2
Invocations    | 1 2 3 |  3.1
Fighting       | 1 2 |  2.8
Short Blades   | 1 2 |  2.8
Long Blades    | 1 2 |  2.8
Axes           | 1 2 |  2.8
Maces & Flails | 1 2 |  2.8
Polearms       | 1 2 |  2.8
Staves         | 1 2 |  2.8
Slings         | 1 2 |  2.8
Bows           | 1 2 |  2.8
Crossbows      | 1 2 |  2.8
Throwing       | 1 2 |  2.8
Armour         | 1 2 |  2.8
Shields        | 1 2 |  2.8
Unarmed Combat | 1 2 |  2.8
Evocations     | 1 2 |  2.8
Hexes          | 1 2 |  2.3
Necromancy     | 1 2 |  2.3
Transmutations | 1 2 |  2.3
Fire Magic     | 1 2 |  2.3
Ice Magic      | 1 2 |  2.3
Air Magic      | 1 2 |  2.3
Earth Magic    | 1 2 |  2.3
Poison Magic   | 1 2 |  2.3
Dodging        | 5 |  5.4
Stealth        | 5 |  5.1
Spellcasting   | |  7.7

Action                   |  1- 3 |  4- 6 |  7- 9 || total
-------------------------+-------+-------+-------++-------
Melee: Dagger            |    11 |       |       ||    11
       Short sword       |    27 |     8 |       ||    35
       Bite              |     1 |     7 |     8 ||    16
       War axe           |       |    20 |    36 ||    56
       Punch             |       |     1 |     1 ||     2
       Morningstar       |       |    19 |       ||    19
       Flail             |       |    35 |    25 ||    60
 Cast: Magic Dart        |    83 |   103 |    41 ||   227
       Call Imp          |       |     7 |     5 ||    12
       Mephitic Cloud    |       |     4 |     4 ||     8
       Blink             |       |     4 |     1 ||     5
       Conjure Flame     |       |     1 |       ||     1
Invok: Recite            |       |       |     2 ||     2
       Donate Gold       |       |       |     1 ||     1
 Stab: Confused          |       |     4 |     2 ||     6
Armor: Robe              |     9 |     3 |    15 ||    27
Dodge: Dodged            |    39 |    61 |    76 ||   176

Table legend: (Time is in decaauts)
 A = Elapsed time spent in this place.
 B = Non-inter-level travel time spent in this place.
 C = Inter-level travel time spent in this place.
 D = Time resting spent in this place.
 E = Time spent auto-exploring this place.
 F = Levels seen in this place.
 G = Mean time per level.
                   A        B        C        D        E       F      G
               +--------+--------+--------+--------+--------+-----+--------+
         Total |   4647 |   4553 |     94 |     50 |   3691 |   5 |  929.4 |
       Dungeon |   4647 |   4553 |     94 |     50 |   3691 |   5 |  929.4 |
               +--------+--------+--------+--------+--------+-----+--------+

Top non-repeatable levels by time:
     D:4: 1333 daAuts
     D:1: 1244 daAuts
     D:2: 878 daAuts
     D:3: 744 daAuts
     D:5: 446 daAuts
